 Dungeon Crawl Stone Soup version 0.29-a0-90-gc37658a0fe (webtiles) character file.

Game seed: 9269722870357617029

105 lordive the Magician (level 4, -4/32 HPs)
             Began as a Gnoll Hedge Wizard on Feb 7, 2022.
             Was an Initiate of Ashenzari.
             Killed by miscasting Mephitic Cloud (9 damage)
             ... on level 3 of the Dungeon.
             The game lasted 00:03:54 (3354 turns).

lordive the Magician (Gnoll Hedge Wizard)           Turns: 3354, Time: 00:03:54

Health: -4/32      AC:  5    Str: 10    XL:     4   Next: 81%
Magic:  10/13      EV: 12    Int: 15    God:    Ashenzari [......]
Gold:   158        SH:  0    Dex: 11    Spells: 13/17 levels left

rFire   . . .      SeeInvis .   e - +4 short sword
rCold   . . .      Faith    .   p - orb {mayhem}
rNeg    . . .      Spirit   .   d - +0 leather armour
rPois   .          Reflect  .   i - +2 hat
rElec   .          Harm     .   (no cloak)
rCorr   .          Rampage  .   (no gloves)
Will    .....                   (no boots)
Stlth   ++........              (no amulet)
HPRegen 0.10/turn               (no ring)
MPRegen 0.13/turn               (no ring)

@: very slightly contaminated
A: fangs 1, strong nose, distributed training
a: Renounce Religion


You were on level 3 of the Dungeon.
You worshipped Ashenzari.
Ashenzari was noncommittal.
You visited 1 branch of the dungeon, and saw 4 of its levels.

You collected 158 gold pieces.

Inventory:

Hand Weapons
 e - a +4 short sword (weapon)
Armour
 b - a +0 robe
 d - a +0 leather armour (worn)
 i - a +2 hat (worn)
 p - an orb of mayhem (worn)
Jewellery
 h - a ring of fire
Scrolls
 a - 5 scrolls of identify {unknown}
 g - a scroll of enchant armour {unknown}
 j - 4 scrolls of teleportation {unknown}
 n - a scroll of noise {unknown}
 o - a scroll of blinking {unknown}
Potions
 c - a potion of curing {unknown}
 f - 2 potions of attraction {unknown}
 k - a potion of invisibility {unknown}
 l - a potion of mutation {unknown}
 m - a potion of might {unknown}


   Skills:
 + Level 1.2 Fighting
 + Level 1.2 Short Blades
 + Level 1.2 Long Blades
 + Level 1.2 Axes
 + Level 1.2 Maces & Flails
 + Level 1.2 Polearms
 + Level 1.2 Staves
 + Level 1.2 Slings
 + Level 1.2 Bows
 + Level 1.2 Crossbows
 + Level 1.2 Throwing
 + Level 1.2 Armour
 + Level 4.7 Dodging
 + Level 4.3 Stealth
 + Level 1.2 Shields
 + Level 1.2 Unarmed Combat
 + Level 7.2 Spellcasting
 + Level 2.3 Conjurations
 + Level 1.0 Hexes
 + Level 2.3 Summonings
 + Level 1.0 Necromancy
 + Level 2.3 Translocations
 + Level 1.0 Transmutations
 + Level 1.0 Fire Magic
 + Level 1.0 Ice Magic
 + Level 1.0 Air Magic
 + Level 1.0 Earth Magic
 + Level 1.0 Poison Magic
 + Level 1.4 Invocations
 + Level 1.2 Evocations


You had 13 spell levels left.
You knew the following spells:

 Your Spells              Type           Power      Damage    Failure   Level
a - Magic Dart            Conj           48%        1d5       7%          1
b - Mephitic Cloud        Conj/Pois/Air  9%         N/A       28%         3

Your spell library contained the following spells:

 Spells                   Type           Power      Damage    Failure   Level
 Blink                    Tloc           24%        N/A       10%         2
 Call Imp                 Summ           12%        N/A       10%         2
 Slow                     Hex            32%        N/A       11%         1
 Sublimation of Blood     Necr           8%         N/A       17%         2
 Wereblood                Tmut           8%         N/A       17%         2
 Conjure Flame            Conj/Fire      10%        6-21      26%         3
 Summon Hydra             Summ           6%         N/A       100%        7


Dungeon Overview and Level Annotations

Branches:
Dungeon (4/15)
 Temple: D:4-7

Altars:
Ashenzari
Fedhas
Zin


Innate Abilities, Weirdness & Mutations

You have very sharp teeth.
Your uncanny sense of smell can sniff out nearby items.
Your experience applies equally to all skills.


Message History

You hit the gnoll. Your bite misses the gnoll.
The gnoll is heavily wounded.
The gnoll closely misses you.
The gnoll hits you from afar with a +2 spear of flaming.
The gnoll burns you. The gnoll closely misses you. The gnoll barely misses you.
You hit the gnoll. Your bite misses the gnoll.
The gnoll is severely wounded.
The gnoll barely misses you. The gnoll hits you with a +0 club.
The gnoll closely misses you.
You closely miss the gnoll.
The gnoll is severely wounded.
The gnoll completely misses you. The gnoll hits you but does no damage.
The gnoll hits you with a +0 halberd!
You hit the gnoll.
You kill the gnoll!
The gnoll flies into a frenzy!
The gnoll closely misses the gnoll.
The gnoll misses you. The gnoll hits you with a +0 club.
The gnoll hits you but does no damage.
The gnoll hits the gnoll with a +0 club.
You climb upwards.
There is a stone staircase leading down here.
You barely miss the gnoll. The gnoll hits you with a +0 club. x2
* * * LOW HITPOINT WARNING * * *
Unknown command.
The gnoll shouts!
The gnoll closely misses you. The gnoll hits you with a +0 club.
* * * LOW HITPOINT WARNING * * *
Casting: Magic Dart (safe; 7% risk of failure)
Confirm with . or Enter, or press ? or * to list all spells.
Okay, then.
Casting: Magic Dart (safe; 7% risk of failure)
Confirm with . or Enter, or press ? or * to list all spells.
The spell is quite dangerous to miscast (28% risk of failure)!
Continue anyway?
Aiming: Mephitic Cloud (quite dangerous; 28% risk of failure)
Press: ? - help, Shift-Dir - straight line You miscast Mephitic Cloud.
You are very lightly contaminated with residual magic.
The air around you crackles with energy!
You die...

#.#.......(.# #.# #..#.#
#.#########.# ##.###.##.#
#.# #.# #...#.....# #.#
#.# #...#..#### #.#
#.###...#..####
##.#########..............
#...........#.........####
##.##.##.###.>........#
####.##.@g........####
#.#......###...#
###.#.###### #...# #.....#
##### #.#.#.# ########
#...#.# #....... #..##.#
#.###### #.....# #.#
##.##.# #.#


You could see a neutral gnoll (fast, strong, insane).

Vanquished Creatures
  A hound skeleton (D:4)
  2 gnolls (D:4)
  A worm (D:2)
  3 dart slugs (D:1)
  2 orcs (D:3)
  8 ball pythons
  5 endoplasms
  3 giant cockroaches
  7 goblins
  3 hobgoblins
  2 jackals (D:2)
  5 quokkas
  5 bats
  2 frilled lizards
  4 kobolds (D:1)
  4 rats
57 creatures vanquished.

Notes
Turn   | Place    | Note
-------+----------+-------------------------------------------
     0 | D:1      | lordive the Gnoll Hedge Wizard began the quest for the Orb.
     0 | D:1      | Reached XP level 1. HP: 13/13 MP: 8/8
   200 | D:1      | Reached XP level 2. HP: 16/19 MP: 1/10
   772 | D:1      | Reached XP level 3. HP: 25/25 MP: 8/11
  1029 | D:1      | Found a faded altar of an unknown god.
  1376 | D:1      | Reached skill level 1 in Invocations
  2095 | D:3      | Reached skill level 1 in Fighting
  2095 | D:3      | Reached skill level 1 in Short Blades
  2095 | D:3      | Reached skill level 1 in Long Blades
  2095 | D:3      | Reached skill level 1 in Axes
  2095 | D:3      | Reached skill level 1 in Maces & Flails
  2095 | D:3      | Reached skill level 1 in Polearms
  2095 | D:3      | Reached skill level 1 in Staves
  2095 | D:3      | Reached skill level 1 in Slings
  2095 | D:3      | Reached skill level 1 in Bows
  2095 | D:3      | Reached skill level 1 in Crossbows
  2095 | D:3      | Reached skill level 1 in Throwing
  2095 | D:3      | Reached skill level 1 in Armour
  2095 | D:3      | Reached skill level 1 in Shields
  2095 | D:3      | Reached skill level 1 in Unarmed Combat
  2095 | D:3      | Reached skill level 1 in Evocations
  2181 | D:3      | Found a broken altar of Ashenzari.
  2222 | D:3      | Became a worshipper of Ashenzari the Shackled
  2338 | D:3      | Reached XP level 4. HP: 32/32 MP: 8/13
  2903 | D:3      | Found a blossoming altar of Fedhas.
  2931 | D:3      | Learned a level 3 spell: Mephitic Cloud
  3120 | D:4      | Found a glowing silver altar of Zin.
  3162 | D:4      | Reached skill level 1 in Hexes
  3162 | D:4      | Reached skill level 1 in Necromancy
  3162 | D:4      | Reached skill level 1 in Transmutations
  3162 | D:4      | Reached skill level 1 in Fire Magic
  3162 | D:4      | Reached skill level 1 in Ice Magic
  3162 | D:4      | Reached skill level 1 in Air Magic
  3162 | D:4      | Reached skill level 1 in Earth Magic
  3162 | D:4      | Reached skill level 1 in Poison Magic
  3354 | D:3      | Killed by miscasting Mephitic Cloud

Illustrated notes

Levels and vault maps discovered:
D:1:      psy_arrival_statuary, layout_loops_cross,
          shapermc_ecumenical_altar_flowoftime
D:2:      layout_rooms, lemuel_another_geyser
D:3:      layout_loops_ring, fedhas_altar_1, mainiacjoe_overflow_boulevard
D:4:      layout_rooms, vehumet_crystals, mainiacjoe_overflow_alcove_4,
          kennysheep_generic_room_13, uniq_eustachio

Skill      XL: |  1  2  3  4 |
---------------+-------------+-----
Conjurations   | 2 |  2.3
Summonings     | 2 |  2.3
Translocations | 2 |  2.3
Invocations    | 1 |  1.4
Fighting       | 1 |  1.2
Short Blades   | 1 |  1.2
Long Blades    | 1 |  1.2
Axes           | 1 |  1.2
Maces & Flails | 1 |  1.2
Polearms       | 1 |  1.2
Staves         | 1 |  1.2
Slings         | 1 |  1.2
Bows           | 1 |  1.2
Crossbows      | 1 |  1.2
Throwing       | 1 |  1.2
Armour         | 1 |  1.2
Shields        | 1 |  1.2
Unarmed Combat | 1 |  1.2
Evocations     | 1 |  1.2
Hexes          | 1 |  1.0
Necromancy     | 1 |  1.0
Transmutations | 1 |  1.0
Fire Magic     | 1 |  1.0
Ice Magic      | 1 |  1.0
Air Magic      | 1 |  1.0
Earth Magic    | 1 |  1.0
Poison Magic   | 1 |  1.0
Dodging        | |  4.7
Stealth        | |  4.3
Spellcasting   | |  7.2

Action                   |  1- 3 |  4- 6 || total
-------------------------+-------+-------++-------
Melee: Short sword       |       |    12 ||    12
 Cast: Magic Dart        |   118 |    39 ||   157
Armor: Robe              |     1 |       ||     1
       Leather armour    |       |     3 ||     3
Dodge: Dodged            |     9 |    24 ||    33

Table legend: (Time is in decaauts)
 A = Elapsed time spent in this place.
 B = Non-inter-level travel time spent in this place.
 C = Inter-level travel time spent in this place.
 D = Time resting spent in this place.
 E = Time spent auto-exploring this place.
 F = Levels seen in this place.
 G = Mean time per level.
                   A        B        C        D        E       F      G
               +--------+--------+--------+--------+--------+-----+--------+
         Total |   3355 |   3245 |    110 |    157 |   2731 |   4 |  838.8 |
       Dungeon |   3355 |   3245 |    110 |    157 |   2731 |   4 |  838.8 |
               +--------+--------+--------+--------+--------+-----+--------+

Top non-repeatable levels by time:
     D:1: 1558 daAuts
     D:3: 1169 daAuts
     D:2: 462 daAuts
     D:4: 164 daAuts
